 Dungeon Crawl Stone Soup version 0.31-a0-705-ga145531891 (webtiles) character file.

Game seed: 16197070013218459797

3066 qw the Skirmisher (level 9, -4/57 HPs)
             Began as a Gargoyle Hunter on Sept 9, 2023.
             Was a Follower of Okawaru.
             Slain by a wight
             ... wielding a +5 long sword
              (13 damage)
             ... on level 8 of the Dungeon.
             The game lasted 00:02:58 (5128 turns).

qw the Skirmisher (Gargoyle Hunter)                 Turns: 5128, Time: 00:02:59

Health: -4/57      AC: 14    Str: 16    XL:     9   Next: 88%
Magic:  10/12      EV: 16    Int:  9    God:    Okawaru [*.....]
Gold:   174        SH:  0    Dex: 17    Spells: 8/8 levels left

rFire   + . .        Y - +0 shortbow (freeze)
rCold   . . .        (shield currently unavailable)
rNeg    + . .        o - +2 leather armour "Cyugatih" {+Blink rCorr SInv}
rPois   inf          g - +1 hat
rElec   +            (no cloak)
rCorr   +            (no gloves)
SInv    +            d - +0 pair of boots {Fly}
Will    .....        h - amulet of regeneration
Stlth   +++          l - ring of protection from fire
HPRegen 1.09/turn    (no ring)
MPRegen 0.13/turn

%: no passive effects
@: about to teleport, heroic, flying
A: sickness immunity, AC +6, negative energy resistance 1, electricity
resistance, torment resistance 1, petrification resistance
a: Renounce Religion, Evoke Blink, Heroism


You were on level 8 of the Dungeon.
You worshipped Okawaru.
Okawaru was aware of your devotion.
You visited 2 branches of the dungeon, and saw 9 of its levels.

You collected 361 gold pieces.
You spent 187 gold pieces at shops.


Innate Abilities, Weirdness & Mutations

You are immune to sickness and miasma.
Your stone body is resilient. (AC +6)
You are immune to poison.
You resist negative energy. (rN+)
You are resistant to electric shocks. (rElec)
You are resistant to unholy torment.
You are immune to petrification.


   Skills:
 + Level 7.4(12.4) Fighting
 - Level 11.0(16.0) Ranged Weapons
 - Level 2.5(7.5) Armour
 - Level 3.0(8.0) Dodging
 - Level 1.1(6.1) Stealth
 - Level 4.1 Invocations


You had 8 spell levels left.
You didn't know any spells.
Your spell library was empty.

Inventory:

Hand Weapons
 Y - a +0 shortbow of freezing (weapon)
Armour
 d - a +0 pair of boots of flying (worn)
 g - a +1 hat (worn)
 o - the +2 leather armour "Cyugatih" (worn) {+Blink rCorr SInv}
   (You found it on level 4 of the Dungeon)

   SInv:      It lets you see invisible.
   +Blink:    It lets you blink.
   rCorr:     It protects you from acid and corrosion.
Jewellery
 h - an amulet of regeneration (around neck)
 l - a ring of protection from fire (left hand)
Scrolls
 a - 8 scrolls of teleportation
 m - 2 scrolls of identify
Potions
 b - a potion of resistance
 c - 4 potions of curing
 e - a potion of enlightenment
 f - a potion of mutation {unknown}
 k - a potion of might
 n - a potion of cancellation

Dungeon Overview and Level Annotations

Branches:
Dungeon (8/15)             Temple (1/1) D:5            Lair (0/5) D:8

Altars:
Ashenzari
Cheibriados
Dithmenos
Elyvilon
Fedhas
Gozag
Hepliaklqana
Kikubaaqudgha
Makhleb
Nemelex Xobeh
Okawaru
Qazlal
Ru
Sif Muna
Trog
Vehumet
Wu Jian
Xom
Yredelemnul
Zin
The Shining One

Shops:
D:1 :   D:5 !!(


Message History

You kill the wyvern!
Okawaru accepts your kill. The killer bee stings you.
The killer bee stings you but does no damage.
The wight misses you. The killer bee closely misses you.
The killer bee stings you but does no damage.
Your base Ranged Weapons skill increases to level 11!
You shoot an arrow.
The arrow hits the killer bee but does no damage.
The killer bee is moderately wounded.
The killer bee stings you. The killer bee closely misses you.
The wight hits you with a +5 long sword!
The wight completely misses you.
You shoot an arrow. The arrow hits the killer bee!
The arrow freezes the killer bee.
The killer bee is severely wounded.
The killer bee stings you but does no damage. x2
The wight misses you. The killer bee closely misses you.
The wight hits you with a +0 halberd.
5126 ||| READING 9 scrolls of teleportation.
As you read the scroll of teleportation, it crumbles to dust.
You feel strangely unstable.
The killer bee stings you but does no damage.
The killer bee barely misses you.
The killer bee stings you but does no damage.
The killer bee closely misses you. The wight completely misses you.
The wight hits you with a +0 halberd!
You shoot an arrow.
The arrow closely misses the killer bee.
The arrow closely misses the basilisk.
The killer bee stings you but does no damage. x3
You shoot an arrow. The arrow hits the killer bee!
The arrow freezes the killer bee.
You kill the killer bee!
Okawaru accepts your kill. The killer bee misses you.
The basilisk gazes at you. You resist with some effort.
The wight barely misses you.
The wight hits you with a +5 long sword!
You die...

. ...... ##.# .
......##..#
.>....l#.. #
......y.# .#
.....#..# ..# P.
#...### #..# ...
#.....#####..#
....
#.......z#...####
##...#
#......l%@z......
....#
#...##.Yy####...#
.#### #...)...## #
.# #.......# ##
##......## #
#........# ###
##........#
..####..........#
.....#...........#


You could see a yak, a basilisk, a killer bee and 2 wights.

Vanquished Creatures
  A hornet (D:6)
  A wyvern (D:8)
  3 yaks (D:6)
  Eustachio (D:4)
  A steam dragon (D:7)
  Edmund (D:6)
  Duvessa (D:5)
  An orc warrior (D:7)
  An ice beast (D:4)
  A black bear (D:8)
  2 sky beasts (D:6)
  2 bullfrogs
  2 scorpions
  A wyvern zombie (D:6)
  A wight (D:8)
  Dowan (D:5)
  2 killer bees (D:8)
  A bullfrog zombie (D:6)
  2 bullfrog skeletons (D:6)
  4 gnoll boudas
  2 orc priests (D:7)
  3 jellies
  2 centaur skeletons (D:6)
  Jessica (D:2)
  2 iguanas (D:6)
  An orc wizard (D:7)
  3 sleepcaps (D:5)
  18 gnolls
  5 adders
  2 shadow imps
  3 worms
  3 dart slugs
  17 orcs
  13 endoplasms
  5 giant cockroaches
  8 goblins
  6 hobgoblins
  4 jackals (D:5)
  A quokka (D:1)
  8 ball pythons
  2 bats
  3 frilled lizards
  7 kobolds
  6 rats
155 creatures vanquished.

Vanquished Creatures (others)
  A gnoll (D:7)
1 creature vanquished.

Grand Total: 156 creatures vanquished

Notes
Turn   | Place    | Note
-------+----------+-------------------------------------------
     0 | D:1      | qw the Gargoyle Hunter began the quest for the Orb.
     0 | D:1      | Reached XP level 1. HP: 12/12 MP: 1/1
     0 | D:1      | 0 ||| qw: Version: 0.3-a-80-g6052c40
     0 | D:1      | 0 ||| qw: Game counter: 1317
     0 | D:1      | 0 ||| qw: Melee chars always use a shield: true
     0 | D:1      | 0 ||| qw: God list: Okawaru
     0 | D:1      | 0 ||| qw: Allow faded altars: false
     0 | D:1      | 0 ||| qw: Do Orc after clearing Dungeon:15 true
     0 | D:1      | 0 ||| qw: Do second Lair branch before Depths: true
     0 | D:1      | 0 ||| qw: Lair rune preference: random
     0 | D:1      | 0 ||| qw: Goals: Normal
     0 | D:1      | 0 ||| PLANNING D:1-11
   203 | D:1      | Reached XP level 2. HP: 17/17 MP: 2/2
   484 | D:1      | Found Kiotour's Vocational Training.
   496 | D:1      | Reached XP level 3. HP: 19/21 MP: 3/3
   628 | D:1      | 628 ||| UPGRADING to +1 hat.
   633 | D:1      | 633 ||| UPGRADING to amulet of regeneration.
   638 | D:1      | 638 ||| READING 3 scrolls labelled POTSIWNIOTA.
   642 | D:1      | 642 ||| DRINKING 2 fuming cyan potions.
   643 | D:1      | 643 ||| DRINKING 2 fizzy coppery potions.
   644 | D:1      | 644 ||| DROPPING scroll of butterflies.
   645 | D:1      | 645 ||| DROPPING potion of attraction.
   686 | D:2      | Reached skill level 5 in Ranged Weapons
   712 | D:2      | Found a sacrificial altar of Ru.
  1068 | D:2      | Noticed Jessica
  1077 | D:2      | Killed Jessica
  1078 | D:2      | Reached skill level 3 in Fighting
  1078 | D:2      | Reached XP level 4. HP: 28/28 MP: 4/4
  1311 | D:2      | 1311 ||| READING scroll labelled EFFAKUFRYCH.
  1312 | D:2      | 1312 ||| READING scroll labelled ZIBROPR WOFEM.
  1312 | D:2      | Identified a scroll of acquirement
  1312 | D:2      | 1312 ||| ACQUIRING +0 pair of boots of flying
  1312 | D:2      | Acquired a +0 pair of boots of flying
  1314 | D:2      | 1314 ||| UPGRADING to +0 pair of boots of flying.
  1319 | D:2      | 1319 ||| READING scroll labelled WONLUW LUEN.
  1644 | D:3      | Reached XP level 5. HP: 32/32 MP: 5/5
  1867 | D:3      | 1867 ||| READING scroll labelled BINUNA ZORIS.
  1868 | D:3      | 1868 ||| READING scroll labelled HEYTISSITOY.
  2008 | D:4      | Noticed Eustachio
  2019 | D:4      | 2019 ||| FLEEEEING.
  2020 | D:4      | 2020 ||| FLEEEEING.
  2021 | D:4      | 2021 ||| FLEEEEING.
  2022 | D:4      | 2022 ||| FLEEEEING.
  2023 | D:4      | 2023 ||| FLEEEEING.
  2042 | D:4      | Killed Eustachio
  2043 | D:4      | Reached skill level 6 in Ranged Weapons
  2043 | D:4      | Reached XP level 6. HP: 36/37 MP: 6/6
  2078 | D:4      | Noticed an ice beast
  2095 | D:4      | Killed an ice beast
  2132 | D:4      | Found an ancient bone altar of Kikubaaqudgha.
  2297 | D:4      | Identified the +2 leather armour "Cyugatih" {+Blink rCorr
                  | SInv}
  2394 | D:4      | 2394 ||| UPGRADING to +0 ring mail.
  2404 | D:4      | 2404 ||| DROPPING +0 leather armour.
  2405 | D:4      | 2405 ||| UPGRADING to +2 leather armour "Cyugatih" {+Blink
                  | rCorr SInv}.
  2415 | D:4      | 2415 ||| DROPPING +0 ring mail.
  2416 | D:4      | 2416 ||| READING scroll labelled XUTAIM IXTUNEAG.
  2424 | D:4      | 2424 ||| READING scroll labelled KEYSTI ERU KAD.
  2425 | D:4      | 2425 ||| READING 3 scrolls labelled ATAWIF WY HIPU.
  2426 | D:4      | 2426 ||| READING 2 scrolls of identify.
  2426 | D:4      | 2426 ||| IDENTIFYING metallic inky potion
  2449 | D:5      | Entered Level 5 of the Dungeon
  2449 | D:5      | Found Vidijuss's Distillery.
  2450 | D:5      | 2450 ||| RETREATING.
  2452 | D:5      | 2452 ||| Stepping ~*~*~tactically~*~*~ (retreating).
  2453 | D:5      | 2453 ||| Stepping ~*~*~tactically~*~*~ (retreating).
  2454 | D:5      | 2454 ||| Stepping ~*~*~tactically~*~*~ (retreating).
  2455 | D:5      | 2455 ||| Stepping ~*~*~tactically~*~*~ (retreating).
  2468 | D:5      | Reached skill level 7 in Ranged Weapons
  2468 | D:5      | Reached XP level 7. HP: 43/43 MP: 7/7
  2482 | D:5      | 2482 ||| BUYING potion of curing (33 gold).
  2482 | D:5      | Bought a potion of curing for 33 gold pieces
  2482 | D:5      | 2482 ||| BUYING potion of enlightenment (55 gold).
  2482 | D:5      | Bought a potion of enlightenment for 55 gold pieces
  2482 | D:5      | 2482 ||| BUYING potion of heal wounds (55 gold).
  2482 | D:5      | Bought a potion of heal wounds for 55 gold pieces
  2482 | D:5      | 2482 ||| BUYING potion of might (44 gold).
  2482 | D:5      | Bought a potion of might for 44 gold pieces
  2482 | D:5      | 2482 ||| SHOPLISTING potion of resistance (110 gold, have
                  | 1).
  2577 | D:5      | Found a sparkling altar of Nemelex Xobeh.
  2610 | D:5      | Found Xamoc's Distillery.
  2611 | D:5      | Noticed Dowan
  2611 | D:5      | Noticed Duvessa
  2616 | D:5      | 2616 ||| RETREATING.
  2630 | D:5      | 2630 ||| Stepping ~*~*~tactically~*~*~ (retreating).
  2631 | D:5      | 2631 ||| Stepping ~*~*~tactically~*~*~ (retreating).
  2643 | D:5      | Killed Duvessa
  2653 | D:5      | Killed Dowan
  2692 | D:5      | 2692 ||| SHOPLISTING 2 potions of cancellation (160 gold,
                  | have 40).
  2692 | D:5      | 2692 ||| SHOPLISTING potion of cancellation (80 gold, have
                  | 40).
  2692 | D:5      | 2692 ||| SHOPLISTING potion of enlightenment (50 gold, have
                  | 40).
  2692 | D:5      | 2692 ||| SHOPLISTING potion of mutation (80 gold, have 40).
  2706 | D:5      | Reached skill level 8 in Ranged Weapons
  2836 | D:5      | Found a blossoming altar of Fedhas.
  2879 | D:5      | Found a staircase to the Ecumenical Temple.
  2880 | D:5      | 2880 ||| PLANNING TEMPLE
  2888 | Temple   | Entered the Ecumenical Temple
  2889 | Temple   | 2889 ||| PLANNING OKAWARU WORSHIP
  2910 | Temple   | Became a worshipper of Warmaster Okawaru
  2911 | Temple   | 2911 ||| PLANNING D:1-11
  2981 | D:5      | Found Ydyfy's Weapon Shoppe.
  3337 | D:5      | 3337 ||| UPGRADING to ring of protection from fire.
  3338 | D:5      | 3338 ||| READING 2 scrolls of identify.
  3338 | D:5      | 3338 ||| IDENTIFYING sedimented grey potion
  3339 | D:5      | 3339 ||| DROPPING potion of lignification.
  3477 | D:6      | Reached XP level 8. HP: 49/49 MP: 8/8
  3513 | D:6      | Noticed a yak
  3514 | D:6      | 3514 ||| RETREATING.
  3529 | D:6      | Noticed a yak
  3536 | D:6      | Noticed a yak
  3543 | D:6      | Killed a yak
  3544 | D:6      | Reached skill level 9 in Ranged Weapons
  3547 | D:6      | HP: 11/49 [yak (7)]
  3548 | D:6      | 3548 ||| READING 11 scrolls of teleportation.
  3548 | D:6      | HP: 1/49 [gnoll/+0 halberd[a gnoll bouda] (11)]
  3549 | D:6      | 3549 ||| DRINKING 2 potions of heal wounds.
  3550 | D:6      | Noticed Edmund
  3551 | D:6      | 3551 ||| Stepping ~*~*~tactically~*~*~ (retreating).
  3552 | D:6      | 3552 ||| Stepping ~*~*~tactically~*~*~ (retreating).
  3553 | D:6      | 3553 ||| Stepping ~*~*~tactically~*~*~ (retreating).
  3554 | D:6      | 3554 ||| Stepping ~*~*~tactically~*~*~ (retreating).
  3559 | D:6      | HP: 12/49 [Edmund/+6 flail of protection (12)]
  3560 | D:6      | 3560 ||| READING 10 scrolls of teleportation.
  3561 | D:6      | 3561 ||| DRINKING potion of heal wounds.
  3707 | D:6      | Noticed a hornet
  3717 | D:6      | Killed a hornet
  3717 | D:6      | Reached * piety under Okawaru
  3718 | D:6      | Reached skill level 6 in Fighting
  3748 | D:6      | 3748 ||| RETREATING.
  3761 | D:6      | Killed a yak
  3762 | D:6      | Reached skill level 1 in Invocations
  3763 | D:6      | 3763 ||| INVOKING Heroism.
  3768 | D:6      | Killed a yak
  3769 | D:6      | Reached XP level 9. HP: 41/56 MP: 6/11
  3784 | D:6      | Reached skill level 3 in Invocations
  3841 | D:6      | Found a broken altar of Ashenzari.
  3877 | D:6      | 3877 ||| INVOKING Heroism.
  3921 | D:6      | 3921 ||| INVOKING Heroism.
  3936 | D:6      | Killed Edmund
  3982 | D:6      | 3982 ||| RETREATING.
  3985 | D:6      | 3985 ||| INVOKING Heroism.
  4003 | D:6      | 4003 ||| INVOKING Heroism.
  4101 | D:6      | Reached skill level 10 in Ranged Weapons
  4249 | D:6      | 4249 ||| DRINKING 2 murky green potions.
  4250 | D:6      | 4250 ||| DROPPING potion of brilliance.
  4279 | D:7      | 4279 ||| STAIRDANCE
  4293 | D:7      | 4293 ||| STAIRDANCE
  4301 | D:7      | 4301 ||| STAIRDANCE
  4313 | D:7      | 4313 ||| STAIRDANCE
  4441 | D:7      | 4441 ||| Stepping ~*~*~tactically~*~*~ (retreating).
  4442 | D:7      | 4442 ||| INVOKING Heroism.
  4451 | D:7      | Reached skill level 3 in Dodging
  4479 | D:7      | 4479 ||| INVOKING Heroism.
  4588 | D:7      | 4588 ||| INVOKING Heroism.
  4660 | D:7      | 4660 ||| INVOKING Heroism.
  4817 | D:7      | 4817 ||| INVOKING Heroism.
  4879 | D:7      | 4879 ||| INVOKING Heroism.
  4985 | D:7      | 4985 ||| READING 3 scrolls labelled DEDYET UWEWY.
  4986 | D:7      | 4986 ||| READING 2 scrolls of identify.
  4986 | D:7      | 4986 ||| IDENTIFYING blue potion
  4987 | D:7      | 4987 ||| DROPPING 2 scrolls of fog.
  5101 | D:8      | 5101 ||| RETREATING.
  5101 | D:8      | Found a staircase to the Lair.
  5106 | D:8      | 5106 ||| Stepping ~*~*~tactically~*~*~ (retreating).
  5107 | D:8      | 5107 ||| Stepping ~*~*~tactically~*~*~ (retreating).
  5108 | D:8      | 5108 ||| Stepping ~*~*~tactically~*~*~ (retreating).
  5109 | D:8      | 5109 ||| Stepping ~*~*~tactically~*~*~ (retreating).
  5111 | D:8      | 5111 ||| Stepping ~*~*~tactically~*~*~ (retreating).
  5112 | D:8      | 5112 ||| Stepping ~*~*~tactically~*~*~ (retreating).
  5113 | D:8      | 5113 ||| Stepping ~*~*~tactically~*~*~ (retreating).
  5122 | D:8      | 5122 ||| INVOKING Heroism.
  5124 | D:8      | Reached skill level 11 in Ranged Weapons
  5125 | D:8      | HP: 14/57 [wight/+0 halberd (5)]
  5126 | D:8      | 5126 ||| READING 9 scrolls of teleportation.
  5128 | D:8      | Slain by a wight

Levels and vault maps discovered:
D:1:      dpeg_arrival_leaves_temple_mockup, layout_basic,
          minmay_misc_feat_plants, nicolae_shop_vocational
D:2:      layout_basic, basic_altar, uniq_jessica
D:3:      minmay_diamond_boxcup, layout_basic
D:4:      layout_cave_pools, kiku_gazebo_garden_becter, uniq_eustachio
D:5:      layout_basic, kennysheep_mini, nemelex_altar_shiori,
          lemuel_temple_firewalk_a, serial_shops, nicolae_shop_tiny_waterfront,
          shop, shop, uniq_duvessa
D:6:      layout_basic, marbit_many_paths, serial_undead, serial_undead_f,
          serial_undead_b, serial_undead_e, serial_undead_c, uniq_edmund
D:7:      layout_basic
D:8:      layout_layer_cave, david_lair_generic, uniq_prince_ribbit1
Temple:   minmay_temple_bridge_d

Skill      XL: |  1  2  3  4  5  6  7  8  9 |
---------------+----------------------------+-----
Ranged Weapons | 5 6 7 8 9 11 | 11.0
Fighting       | 3 4 5 6 7 |  7.4
Armour         | 2 |  2.5
Dodging        | 2 3 |  3.0
Invocations    | 2 4 |  4.1
Stealth        | |  1.1

Action                     |  1- 3 |  4- 6 |  7- 9 || total
---------------------------+-------+-------+-------++-------
   Fire: Shortbow          |    94 |   174 |   402 ||   670
 Invoke: Heroism           |       |       |    12 ||    12
    Use: Potion            |     2 |       |     3 ||     5
         Scroll            |     1 |     9 |     6 ||    16
 Armour: Leather armour    |     5 |    66 |   182 ||   253
  Dodge: Dodged            |     9 |    71 |   204 ||   284

Table legend:
 A = Non-vault XP
 B = Vault XP
 C = Vault XP percentage of total XP
 D = Non-vault monster count
 E = Vault monster count
 F = Vault count percentage of total count
                 A         B        C        D         E       F
            +---------+---------+-------+---------+---------+-------
      Total |    3189 |    1257 |  28.3 |     133 |      22 |  14.2
            +---------+---------+-------+---------+---------+-------
        D:1 |      38 |       0 |   0.0 |      21 |       0 |   0.0
        D:2 |      26 |      37 |  58.7 |      15 |       1 |   6.2
        D:3 |      52 |      41 |  44.1 |      15 |       8 |  34.8
        D:4 |     190 |     176 |  48.1 |      21 |       1 |   4.5
        D:5 |     297 |     218 |  42.3 |      11 |       2 |  15.4
        D:6 |    1591 |     461 |  22.5 |      21 |       8 |  27.6
        D:7 |     794 |       0 |   0.0 |      26 |       0 |   0.0
        D:8 |     201 |     324 |  61.7 |       3 |       2 |  40.0
            +---------+---------+-------+---------+---------+-------
